 Dungeon Crawl Stone Soup version 0.30.0 (webtiles) character file.

Game seed: 12217158973543116617

30 Kenran the Cudgeller (level 3, -4/31 HPs)
             Began as a Minotaur Delver on May 6, 2023.
             Slain by an iguana (7 damage)
             ... on level 5 of the Dungeon.
             The game lasted 00:00:27 (149 turns).

Kenran the Cudgeller (Minotaur Delver)               Turns: 149, Time: 00:00:27

Health: -4/31      AC:  3    Str: 18    XL:     3   Next: 3%
Magic:  2/2        EV: 11    Int:  7    God:
Gold:   0          SH:  0    Dex: 11    Spells: 2/2 levels left

rFire   . . .        a - +0 mace
rCold   . . .        (no shield)
rNeg    . . .        b - +0 leather armour
rPois   .            (helmet restricted)
rElec   .            (no cloak)
rCorr   .            (no gloves)
SInv    .            (no boots)
Will    .....        (no amulet)
Stlth   ++           (no ring)
HPRegen 0.25/turn    (no ring)
MPRegen 0.08/turn

%: no passive effects
@: hasted, very quick
A: horns 2, retaliatory headbutt
a: no special abilities


You were on level 5 of the Dungeon.
You visited 1 branch of the dungeon, and saw 1 of its levels.


Innate Abilities, Weirdness & Mutations

You have a pair of horns on your head.
You reflexively headbutt those who attack you in melee.


   Skills:
 - Level 3.6 Fighting
 + Level 4.3 Maces & Flails
 - Level 2.1 Dodging
 - Level 4.1 Stealth


You had 2 spell levels left.
You didn't know any spells.
Your spell library contained the following spells:

 Spells                   Type           Power      Damage    Failure   Level
 Apportation              Tloc           0%         N/A       50%         1
 Necrotise                Necr           0%         1d4       50%         1
 Summon Small Mammal      Summ           0%         N/A       50%         1

Inventory:

Hand Weapons
 a - a +0 mace (weapon)
Armour
 b - a +0 leather armour (worn)
Wands
 g - a wand of digging (3)
Scrolls
 c - a scroll of fog
 d - a scroll of magic mapping {!r}
 e - a scroll of fear

Dungeon Overview and Level Annotations

Branches:
Dungeon (5/15) Zot: 5860
 Temple: D:4-7

Altars:

.....# ......o
......o## ....
......o.# ......
........# ...[...
........####.........
.....................
.##..l..)..........
#...@..........#
..##..............####
.....##.......#.......
#.....................
#.....................
#.........####.#......
#.........# #.# .....
#.........####.# ....
######..#......# ...


You could see an iguana, an orc priest, an orc wizard and an orc.


Message History

Options error: Missing colour in message_colour setting: 'that.*feels deathly cold' Options error: Missing colour in message_colour setting: 'mortal' Options error: Missing colour in message_colour setting: 'so you fail to move' Options error: Missing colour in message_colour setting: 'and you must be Full or above to equip it' Options error: Missing colour in message_colour setting: 'mortal' Options error: Missing colour in message_colour setting: 'saying\' Options error: Missing colour in message_colour setting: '\"No\' Options error: Missing colour in message_colour setting: 'no\' Options error: Missing colour in message_colour setting: 'no!\"' Options error: Missing colour in message_colour setting: 'but rights himself reflexively soon after' Options error: Missing colour in message_colour setting: 'before it is too late' Options error: Missing colour in message_colour setting: 'and clutches his wounds' Options error: Missing colour in message_colour setting: '\"What am I doing in here\?\"' Options error: Missing colour in message_colour setting: 'briefly' Options error: Missing colour in message_colour setting: 'now there\.\"' Options error: Missing colour in message_colour setting: 'my child' Options error: Missing colour in message_colour setting: 'mortal' Options error: Missing colour in message_colour setting: 'you see no one' Options error: Missing colour in message_colour setting: 'you\'re it!\"' Options error: Missing colour in message_colour setting: 'Boring in death\"' Options error: Missing colour in message_colour setting: 'baby\' Options error: Missing colour in message_colour setting: 'burn!\"' Options error: Missing colour in message_colour setting: 'mortal\.\"' Options error: Missing colour in message_colour setting: 'my child!\"' Options error: Missing colour in message_colour setting: 'this looks better\.\"' Options error: Missing colour in message_colour setting: 'my child!\"' Options error: Missing colour in message_colour setting: 'my (child|children)!\"' Options error: Missing colour in message_colour setting: 'stopping explore' Welcome, Kenran the Minotaur Delver.
They say the Orb of Zot lies within this dungeon, but they say a lot of things.
Press ? for a list of commands and other information.
Found a stone staircase leading down.
A hound comes into view.
The hound barks!
The hound stops to sniff the ground.
You barely miss the hound. Your headbutt misses the hound. The hound bites you.
The hound closely misses you. 😕 HP[-1]
You take 1 damage, and now have 18/19 hp.
You feel yourself speed up. The hound bites you. 😮 HP[-5]
You take 5 damage, and now have 13/19 hp.
MASSIVE DAMAGE!! (PAUSE)
You barely miss the hound.
The hound bites you but does no damage. x2
You sock the hound! Your headbutt misses the hound.
The hound closely misses you. You furiously retaliate!
You headbutt the hound!
You kill the hound!
Your Maces & Flails skill gained 2 levels and is now at level 4!
You have reached level 2!
You have reached level 3!
Your experience leads to an increase in your attributes!
Increase (S)trength, (I)ntelligence, or (D)exterity?
You feel stronger. x2 😮 HP[+9] MP[+2]
You now have 31 max hp (+12).
You regained 9 hp, and now have 22/31 hp.
Your mp is fully restored (2).
You see here a hound corpse. 😮 HP[+1] 😕 HP[+1] 😕 HP[+1]
An iguana comes into view.
You see here a book of Cantrips.
You pick up a book of Cantrips and begin reading...
You add the spells Necrotise, Summon Small Mammal and Apportation to your library. 😕 HP[+1] 😕 HP[+1]
You hit the iguana but do no damage. The iguana bites you. 😮 HP[-6]
You take 6 damage, and now have 21/31 hp.
You are too injured to fight recklessly!
You are too injured to fight recklessly!
You are too injured to fight recklessly!
You barely miss the iguana. Your headbutt misses the iguana.
An orc comes into view. It is wielding a +1 dagger of speed.
The iguana bites you!
* * * LOW HITPOINT WARNING * * *
😨 HP[-13]
You take 13 damage, and now have 8/31 hp.
MASSIVE DAMAGE!! (PAUSE)
The orc shouts!
You hit the iguana. Your headbutt misses the iguana. The iguana bites you.
* * * LOW HITPOINT WARNING * * *
An orc wizard comes into view. It is wielding a +0 dagger.
An orc priest comes into view. It is wielding a +0 hand axe. 😱 HP[-6]
You take 6 damage, and now have 2/31 hp.
The orc priest shouts!
You hit the iguana but do no damage. You headbutt the iguana.
You hit the iguana but do no damage. The iguana bites you!
You die...

Skill      XL: |  1 |
---------------+----+-----
Maces & Flails | 4 |  4.3
Fighting       | |  3.6
Dodging        | |  2.1
Stealth        | |  4.1

Action                     || total
---------------------------++-------
  Melee: Mace              ||     8
         Headbutt          ||     1
    Use: Potion            ||     1
 Armour: Leather armour    ||     2
  Dodge: Dodged            ||     2

Levels and vault maps discovered:
D:5:      layout_basic, gammafunk_temple_overflow_statue, uniq_grinder,
          uniq_crazy_yiuf_cottage

Notes
Turn   | Place    | Note
-------+----------+-------------------------------------------
     0 | D:5      | Kenran the Minotaur Delver began the quest for the Orb.
     0 | D:5      | Reached XP level 1. HP: 19/19 MP: 0/0
     0 | D:5      | magus.rc [v1.11.6]
   108 | D:5      | Noticed a hound
   115 | D:5      | Killed a hound
   116 | D:5      | Reached skill level 4 in Maces & Flails
   116 | D:5      | Reached XP level 2. HP: 18/26 MP: 1/1
   116 | D:5      | Reached XP level 3. HP: 22/31 MP: 2/2
   136 | D:5      | You add the spells Necrotise, Summon Small Mammal and
                  | Apportation to your library.
   147 | D:5      | HP: 2/31 [iguana (6)]
   149 | D:5      | Slain by an iguana

Vanquished Creatures
  A hound (D:5)
1 creature vanquished.

Table legend:
 A = Non-vault XP
 B = Vault XP
 C = Vault XP percentage of total XP
 D = Non-vault monster count
 E = Vault monster count
 F = Vault count percentage of total count
                 A         B        C        D         E       F
            +---------+---------+-------+---------+---------+-------
      Total |      43 |       0 |   0.0 |       1 |       0 |   0.0
            +---------+---------+-------+---------+---------+-------
        D:5 |      43 |       0 |   0.0 |       1 |       0 |   0.0
            +---------+---------+-------+---------+---------+-------

Skill      XL: |  1 |
---------------+----+-----
Maces & Flails | 4 |  4.3
Fighting       | |  3.6
Dodging        | |  2.1
Stealth        | |  4.1

Action                     || total
---------------------------++-------
  Melee: Mace              ||     8
         Headbutt          ||     1
    Use: Potion            ||     1
 Armour: Leather armour    ||     2
  Dodge: Dodged            ||     2

Illustrated notes

Table legend:
 A = Kills in this place as a percentage of kills in the entire game.
 B = Kills by you in this place as a percentage of kills by you in the entire game.
 C = Kills by friends in this place as a percentage of kills by friends in the entire game.
 D = Other kills in this place as a percentage of other kills in the entire game.
 E = Experience gained in this place as a percentage of experience gained in the entire game.
 F = Experience gained in this place divided by the number of levels of this place that you have seen.
                   A       B       C       D       E      F
               +-------+-------+-------+-------+-------+----------------------
         Total | 100.0 | 100.0 |   N/A |   N/A | 100.0 |  43.0
       Dungeon | 100.0 | 100.0 |   N/A |   N/A | 100.0 |  43.0
               +-------+-------+-------+-------+-------+----------------------

Table legend: (Time is in decaauts)
 A = Elapsed time spent in this place.
 B = Non-inter-level travel time spent in this place.
 C = Inter-level travel time spent in this place.
 D = Time resting spent in this place.
 E = Time spent auto-exploring this place.
 F = Levels seen in this place.
 G = Mean time per level.
                   A        B        C        D        E       F      G
               +--------+--------+--------+--------+--------+-----+--------+
         Total |    138 |    138 |      0 |      0 |     52 |   1 |  138.0 |
       Dungeon |    138 |    138 |      0 |      0 |     52 |   1 |  138.0 |
               +--------+--------+--------+--------+--------+-----+--------+

Top non-repeatable levels by time:
     D:5: 138 daAuts
